 Dungeon Crawl Stone Soup version 0.23-a0-49-gd9f7a49 (webtiles) character file.

2 Amnesiac the Caller (level 1, -5/13 HPs)
             Began as a Mummy Summoner on Aug 6, 2018.
             Killed from afar by a dart slug (6 damage)
             ... with a slug dart
             ... on level 1 of the Dungeon.
             The game lasted 00:00:19 (313 turns).

Amnesiac the Caller (Mummy Summoner)                 Turns: 313, Time: 00:00:20

Health: -5/13      AC:  2    Str: 11    XL:     1   Next: 25%
Magic:  4/4        EV: 12    Int: 14    God:
Gold:   0          SH:  0    Dex: 12    Spells: 4/5 levels left

rFire    x . .     SeeInvis .   c - +0 club
rCold    + . .     Gourm    .   (no shield)
rNeg     + + +     Faith    .   a - +0 robe
rPois    ∞         Spirit   .   (no helmet)
rElec    .         Reflect  .   (no cloak)
rCorr    .         Harm     .   (no gloves)
MR       .....                  (no boots)
Stlth    ++........             (no amulet)
HPRegen  0.04/turn              (no ring)
MPRegen  0.09/turn              (no ring)

@: no status effects
A: no food or potions, fire vulnerability, cold resistance 1, negative energy
resistance 3, torment resistance, unbreathing
a: no special abilities


You were on level 1 of the Dungeon.
You were not hungry.

You visited 1 branch of the dungeon, and saw 1 of its levels.

Inventory:

Hand Weapons
 c - a +0 club (weapon)
Armour
 a - a +0 robe (worn)
Scrolls
 b - a scroll of enchant armour {!r, unknown}


   Skills:
 - Level 1.5 Dodging
 - Level 1.5 Stealth
 + Level 2.9 Spellcasting
 - Level 3.2 Summonings


You had 4 spell levels left.
You knew the following spells:

 Your Spells              Type           Power        Failure   Level  Hunger
a - Summon Small Mammal   Summ           ##..         5%          1    N/A

Your spell library contained the following spells:

 Spells                   Type           Power        Failure   Level  Hunger
 Summon Ice Beast         Ice/Summ       #.......     73%         4    N/A
 Call Imp                 Summ           ##......     9%          2    N/A
 Call Canine Familiar     Summ           ##......     17%         3    N/A
 Summon Lightning Spire   Summ/Air       #.......     73%         4    N/A
 Summon Guardian Golem    Hex/Summ       #.......     32%         3    N/A

Dungeon Overview and Level Annotations

Branches:
Dungeon (1/15)

Altars:


Innate Abilities, Weirdness & Mutations

You do not eat or drink.
Your flesh is vulnerable to fire.
You are immune to poison.
Your flesh is cold resistant. (rC+)
You are immune to negative energy. (rN+++)
You are immune to unholy pain and torment.
You can survive without breathing.


Message History

b - a scroll labeled QIUNKA BIMECS {!r}
Things that are here:
a club; a hobgoblin corpse
c - a club Sorry, you're not good enough to have a special ability.
Unknown command.
Wield which item (- for none, * to show all)? (? for menu, Esc to quit)
c - a +0 club (weapon)
You start resting.
Magic restored.
You start resting.
Your rat disappears in a puff of smoke!
Your bat disappears in a puff of smoke!
HP restored.
You start resting.
HP restored.
A kobold comes into view. It is wielding a club.
Found a dagger.
A kobold is nearby!
A kobold is nearby!
You see here a dagger.
The helpless kobold fails to defend itself.
You hit the kobold.
The kobold is moderately wounded.
The kobold hits you with a club.
You hit the kobold but do no damage.
The kobold is moderately wounded.
The kobold hits you with a club.
* * * LOW HITPOINT WARNING * * *
You hit the kobold.
You kill the kobold!
You start resting.
You start resting.
HP restored.
Things that are here:
a club; a stone A dart slug comes into view.
A dart slug is nearby!
A dart slug is nearby!
The dart slug launches a dart at you. The slug dart misses you.
You hit the dart slug.
The dart slug is heavily wounded.
You hit the dart slug.
The dart slug is heavily wounded.
The dart slug barely misses you.
You hit the dart slug.
The dart slug is severely wounded.
The dart slug bites you.
You hit the dart slug.
The dart slug is severely wounded.
The dart slug launches a dart at you. The slug dart hits you!
Ouch! That really hurt!
* * * LOW HITPOINT WARNING * * *
You hit the dart slug but do no damage.
The dart slug is severely wounded.
The dart slug launches a dart at you. The slug dart misses you.
You hit the dart slug but do no damage.
The dart slug is severely wounded.
The dart slug launches a dart at you. The slug dart hits you!
You die...

#.#.........#.# #†
#)###########.###.
#.# #...... #.#
#.###.. #.# #. #..
#.# #+ #.. #.# #..
#.# #.. #@# ...
#w# .#% #.# #..
###


You could see a dart slug.

Vanquished Creatures
  A kobold (D:1)
1 creature vanquished.

Vanquished Creatures (collateral kills)
  A hobgoblin (D:1)
1 creature vanquished.

Grand Total: 2 creatures vanquished

Notes
Turn   | Place    | Note
-------+----------+-------------------------------------------
     0 | D:1      | Amnesiac the Mummy Summoner began the quest for the Orb.
     0 | D:1      | Reached XP level 1. HP: 13/13 MP: 4/4
   313 | D:1      | Killed from afar by a dart slug

Vault maps used:
D:1:      nicolae_arrival_memento_mori

Action                   || total
-------------------------++-------
Melee: Club              ||     9
       Unarmed           ||     6
 Cast: Summon Small Mamm ||     2
 Stab: Sleeping          ||     1
Dodge: Dodged            ||     5

Table legend:
 A = Spawn XP
 B = Non-spawn XP
 C = Spawn XP percentage of total XP
 D = Spawn monster count
 E = Non-spawn monster count
 F = Spawn count percentage of total count
 G = Total turns spent on level
                    A         B        C        D         E        F      G
               +---------+---------+-------+---------+---------+-------+---------
         Total |       0 |       3 |   0.0 |       0 |       2 |   0.0 |   313
               +---------+---------+-------+---------+---------+-------+---------
           D:1 |       0 |       3 |   0.0 |       0 |       2 |   0.0 |   313
               +---------+---------+-------+---------+---------+-------+---------
